 Dungeon Crawl Stone Soup version 0.31-a0-986-g5e6e4ef867 (webtiles) character file.

Game seed: 3039977876283990149

238 FakeRyeBread the Trooper (level 6, -7/39 HPs)
             Began as a Gargoyle Fighter on Nov 8, 2023.
             Blown up by a centaur (10 damage)
             ... with a mindburst bolt
             ... on level 3 of the Dungeon.
             The game lasted 00:11:33 (2738 turns).

FakeRyeBread the Trooper (Gargoyle Fighter)         Turns: 2738, Time: 00:11:34

Health: -7/39      AC: 15    Str: 22    XL:     6   Next: 7%
Magic:  6/6        EV:  8    Int:  8    God:
Gold:   246        SH:  4    Dex:  9    Spells: 5/5 levels left

rFire   . . .        n - +1 whip (holy)
rCold   . . .        c - +0 buckler
rNeg    + . .        r - +0 chain mail
rPois   ∞            (no helmet)
rElec   +            q - +0 cloak
rCorr   .            (no gloves)
SInv    .            (no boots)
Will    .....        (no amulet) Stlth
                     (no ring)
HPRegen 0.26/turn    (no ring)
MPRegen 0.10/turn

%: no passive effects
@: no status effects
A: sickness immunity, AC +4, negative energy resistance 1, electricity
resistance, torment resistance 1, petrification resistance
a: no special abilities


You were on level 3 of the Dungeon.
You visited 1 branch of the dungeon, and saw 3 of its levels.

You collected 246 gold pieces.

Inventory:

Hand Weapons
 a - a +1 flail
 n - a +1 whip of holy wrath (weapon)
Missiles
 k - a throwing net
Armour
 c - a +0 buckler (worn)
 q - a +0 cloak (worn)
 r - a +0 chain mail (worn)
Jewellery
 l - a ring of wizardry
 m - an amulet of magic regeneration
Scrolls
 e - a scroll of enchant weapon
 i - a scroll of fear
 o - a scroll of teleportation
 p - a scroll of amnesia
Potions
 d - a potion of might
 f - 2 potions of curing {unknown}
 g - a potion of magic {unknown}
 h - a potion of enlightenment
 j - 2 potions of berserk rage {unknown}


   Skills:
 + Level 4.3 Fighting
 * Level 4.2 Maces & Flails
 + Level 4.3 Armour
 + Level 4.2 Shields


You had 5 spell levels left.
You didn't know any spells.
Your spell library contained the following spells:

 Spells                   Type           Power      Damage    Failure   Level
 Magic Dart               Conj           0%         1d3       97%         1
 Sting                    Tmut/Pois      0%         1d3       97%         1
 Poisonous Vapours        Pois/Air       0%         N/A       99%         2
 Searing Ray              Conj           0%         2d4       99%         2
 Fulminant Prism          Conj/Hex       0%         3d5       100%        4
 Olgreb's Toxic Radiance  Pois           0%         N/A       100%        4


Dungeon Overview and Level Annotations

Branches:
Dungeon (3/15)

Altars:
Dithmenos


Innate Abilities, Weirdness & Mutations

You are immune to sickness and miasma.
Your stone body is resilient. (AC +4)
You are immune to poison.
You resist negative energy. (rN+)
You are resistant to electric shocks. (rElec)
You are resistant to unholy torment.
You are immune to petrification.


Message History

The centaur kicks you but does no damage.
You block the centaur's attack.
The centaur kicks you but does no damage.
You hit the centaur.
The centaur is lightly wounded.
The centaur barely misses you. The centaur closely misses you.
The centaur barely misses you.
The centaur kicks you but does no damage.
You hit the centaur but do no damage.
The centaur is lightly wounded.
The centaur hits you but does no damage.
You block the centaur's attack.
You hit the centaur but do no damage.
The centaur is lightly wounded.
The centaur zaps a wand.
You barely resist. You hit the centaur but do no damage.
The centaur is lightly wounded.
The centaur zaps a wand.
Your mind is blasted!
You block the centaur's attack.
The centaur kicks you but does no damage.
You hit the centaur.
The centaur is moderately wounded.
The centaur hits you but does no damage.
The centaur barely misses you.
You hit the centaur but do no damage.
The centaur is moderately wounded.
The centaur zaps a wand.
You barely resist. You hit the centaur.
The centaur is heavily wounded.
The centaur zaps a wand.
Your mind is blasted!
A bat comes into view.
The centaur hits you but does no damage.
The centaur kicks you but does no damage.
You hit the centaur but do no damage.
The centaur is heavily wounded.
The centaur zaps a wand.
Your mind is blasted!
* * * LOW HITPOINT WARNING * * *
You hit the centaur.
The centaur is severely wounded.
The centaur zaps a wand.
Your mind is blasted!
You die...

.## .# ####### ..# #
#.....## .. ††#
#......######.. ..#
#......#...#.. ..#
#....#...#... †.#
#......# ..#
[.#######....)###.##
#..†.†.........#...#
#####†.......#..@#
#.######...#c..# #.#
......###.## #.#
....b..# ..# #..
.....#...#... ###
.......#...#..
#.............#.
.... ##..
#~~.~~##..###


You could see a centaur and a bat.

Vanquished Creatures
  A gnoll bouda (D:3)
  4 adders
  8 gnolls (D:3)
  3 worms (D:2)
  4 dart slugs (D:3)
  5 ball pythons
  2 bats
  9 endoplasms
  3 giant cockroaches
  7 goblins
  7 hobgoblins
  3 jackals (D:2)
  6 kobolds
  8 quokkas
  4 frilled lizards
  5 rats
79 creatures vanquished.

Notes
Turn   | Place    | Note
-------+----------+-------------------------------------------
     0 | D:1      | FakeRyeBread the Gargoyle Fighter began the quest for the
                  | Orb.
     0 | D:1      | Reached XP level 1. HP: 14/14 MP: 1/1
   183 | D:1      | Reached XP level 2. HP: 14/19 MP: 2/2
   453 | D:1      | Reached XP level 3. HP: 23/23 MP: 3/3
  1440 | D:2      | Reached XP level 4. HP: 27/29 MP: 4/4
  2145 | D:3      | Reached XP level 5. HP: 13/33 MP: 5/5
  2445 | D:3      | Found a shadowy altar of Dithmenos.
  2650 | D:3      | Reached XP level 6. HP: 34/39 MP: 6/6
  2738 | D:3      | Blown up by a centaur

Illustrated notes

Levels and vault maps discovered:
D:1:      dpeg_arrival_leaves_temple_mockup, layout_basic
D:2:      layout_rooms, minmay_quadrilaterals
D:3:      kennysheep_slugbush, layout_basic, amcnicky_altar_gilded,
          mainiacjoe_overflow_alcove_2, minmay_misc_feat_four_crosses

Skill      XL: |  1  2  3  4  5 |
---------------+----------------+-----
Maces & Flails | 3 4 |  4.2
Fighting       | 4 |  4.3
Armour         | 4 |  4.3
Shields        | 4 |  4.2

Action                     |  1- 3 |  4- 6 || total
---------------------------+-------+-------++-------
  Melee: Flail             |   144 |    87 ||   231
         Whip              |       |    64 ||    64
    Use: Scroll            |       |     6 ||     6
 Armour: Scale mail        |    96 |    98 ||   194
         Chain mail        |       |    27 ||    27
  Dodge: Dodged            |    59 |    66 ||   125
  Block: Buckler           |    28 |    40 ||    68

Table legend: (Time is in decaauts)
 A = Elapsed time spent in this place.
 B = Non-inter-level travel time spent in this place.
 C = Inter-level travel time spent in this place.
 D = Time resting spent in this place.
 E = Time spent auto-exploring this place.
 F = Levels seen in this place.
 G = Mean time per level.
                   A        B        C        D        E       F      G
               +--------+--------+--------+--------+--------+-----+--------+
         Total |   2801 |   2393 |    408 |    324 |   1193 |   3 |  933.7 |
       Dungeon |   2801 |   2393 |    408 |    324 |   1193 |   3 |  933.7 |
               +--------+--------+--------+--------+--------+-----+--------+

Top non-repeatable levels by time:
     D:1: 1343 daAuts
     D:2: 900 daAuts
     D:3: 558 daAuts
